 Dungeon Crawl Stone Soup version 0.31-a0-188-g5e087ee2ca (webtiles) character file.

Game seed: 13380452629642171827

117 qw the Skirmisher (level 4, 0/25 HPs)
             Began as a Deep Elf Hunter on June 23, 2023.
             Slain by an orc wizard
             ... wielding a +0 dagger
              (2 damage)
             ... on level 4 of the Dungeon.
             The game lasted 00:00:33 (1872 turns).

qw the Skirmisher (Deep Elf Hunter)                 Turns: 1872, Time: 00:00:34

Health: 0/25       AC:  5    Str: 10    XL:     4   Next: 71%
Magic:  6/6        EV: 11    Int: 14    God:
Gold:   131        SH:  0    Dex: 18    Spells: 3/3 levels left

rFire   . . .        Y - +0 shortbow (flame)
rCold   . . .        (shield currently unavailable)
rNeg    . . .        d - +0 ring mail
rPois   .            (no helmet)
rElec   .            (no cloak)
rCorr   .            (no gloves)
SInv    .            (no boots)
Will    .....        (no amulet) Stlth
                     (no ring)
HPRegen 0.24/turn    (no ring)
MPRegen 0.10/turn

%: no passive effects
@: confused
A: no striking features
a: no special abilities


You were on level 4 of the Dungeon.
You visited 1 branch of the dungeon, and saw 4 of its levels.

You collected 131 gold pieces.


   Skills:
 - Level 1.5 Fighting
 + Level 8.1 Ranged Weapons
 - Level 2.4 Dodging
 - Level 1.2 Stealth


You had 3 spell levels left.
You didn't know any spells.
Your spell library was empty.

Inventory:

Hand Weapons
 Y - a +0 shortbow of flaming (weapon)
Armour
 d - a +0 ring mail (worn)
Potions
 a - a potion of magic {unknown}
 b - a potion of brilliance {unknown}
 f - a potion of might {unknown}
 h - a potion of berserk rage {unknown}

Dungeon Overview and Level Annotations

Branches:
Dungeon (4/15)
 Temple: D:4-7

Altars:


Message History

You shoot an arrow. The arrow hits the orc.
The arrow burns the orc.
The orc is almost dead.
The orc barely misses you.
You shoot an arrow. The arrow hits the orc.
The arrow burns the orc.
You kill the orc!
You hear some strange, mumbled words.
You are confused.
1862 ||| DRINKING potion of curing.
You feel better.
1862 ||| (to cure confusion)
Something hits you.
You shoot an arrow. The arrow hits the orc wizard.
The arrow burns the orc wizard.
The orc wizard is moderately wounded.
Something hits you but does no damage. The orc wizard barely misses you.
You shoot an arrow.
The arrow hits the orc wizard but does no damage.
The orc wizard is moderately wounded.
You hear some strange, mumbled words.
You are confused.
The orc wizard casts a spell at you.
You are more confused.
The orc wizard hits you with a +0 dagger.
Something hits you but does no damage. The orc wizard casts a spell at you.
The magic dart hits you! Something hits you but does no damage.
You hear some strange, mumbled words.
A puff of flame appears from out of thin air!
The puff of flame hits you! The orc wizard misses you.
Something hits you but does no damage.
The orc wizard hits you but does no damage.
The orc wizard closely misses you. Something hits you but does no damage.
The orc wizard casts a spell at you.
You are more confused.
Something hits you but does no damage. The orc wizard casts a spell at you.
You are more confused.
Something hits you. Something hits you but does no damage.
The orc wizard hits you with a +0 dagger.
You die...

##+##
##...##
##.....##
##.......##
#.........#
+.).......+
#.<.%.....#
##.....@.#
##...o{##
##..)##
##'## #.#
#.# #.#


.oo .o. You could see an orc wizard.

Vanquished Creatures
  An orc priest (D:4)
  An orc wizard (D:2)
  An adder (D:3)
  2 dart slugs
  5 orcs
  5 bats
  6 endoplasms
  A giant cockroach (D:2)
  2 goblins
  5 hobgoblins
  A quokka (D:2)
  7 ball pythons
  3 frilled lizards (D:1)
  A kobold (D:1)
  4 rats (D:2)
45 creatures vanquished.

Notes
Turn   | Place    | Note
-------+----------+-------------------------------------------
     0 | D:1      | qw the Deep Elf Hunter began the quest for the Orb.
     0 | D:1      | Reached XP level 1. HP: 12/12 MP: 3/3
     0 | D:1      | 0 ||| qw: Version: 0.3-a-9-g12657ce
     0 | D:1      | 0 ||| qw: Game counter: 3495
     0 | D:1      | 0 ||| qw: Always use a shield: true
     0 | D:1      | 0 ||| qw: God list: Okawaru
     0 | D:1      | 0 ||| qw: Allow faded altars: false
     0 | D:1      | 0 ||| qw: Do Orc after D:15 true
     0 | D:1      | 0 ||| qw: Do second Lair branch before Depths: true
     0 | D:1      | 0 ||| qw: Lair rune preference: random
     0 | D:1      | 0 ||| qw: Plans: Normal
     0 | D:1      | 0 ||| PLANNING D:1-11
    74 | D:1      | Reached XP level 2. HP: 16/16 MP: 4/4
   128 | D:1      | Reached skill level 6 in Ranged Weapons
   737 | D:1      | 737 ||| READING scroll labelled QOQAGAJIME.
   738 | D:1      | 738 ||| READING scroll labelled UTIECA PIUWK.
   739 | D:1      | 739 ||| DROPPING scroll of butterflies.
  1016 | D:2      | Reached XP level 3. HP: 20/20 MP: 5/5
  1280 | D:3      | 1280 ||| STAIRDANCE
  1284 | D:2      | Reached skill level 7 in Ranged Weapons
  1351 | D:3      | 1351 ||| STAIRDANCE
  1357 | D:2      | Reached XP level 4. HP: 17/25 MP: 6/6
  1723 | D:3      | 1723 ||| UPGRADING to +0 ring mail.
  1733 | D:3      | 1733 ||| DROPPING +0 leather armour.
  1734 | D:3      | 1734 ||| READING scroll labelled RIWAOD QUGGEGE.
  1835 | D:3      | 1835 ||| READING scroll labelled CEGAECYLYCH.
  1836 | D:3      | 1836 ||| DRINKING 2 purple potions.
  1851 | D:4      | 1851 ||| Stepping ~*~*~tactically~*~*~ (outnumbered).
  1852 | D:4      | 1852 ||| Stepping ~*~*~tactically~*~*~ (outnumbered).
  1860 | D:4      | Reached skill level 8 in Ranged Weapons
  1862 | D:4      | 1862 ||| DRINKING potion of curing.
  1862 | D:4      | 1862 ||| (to cure confusion)
  1867 | D:4      | HP: 5/25 [something/puff of flame (10)]
  1871 | D:4      | HP: 2/25 [something (4)]
  1872 | D:4      | Slain by an orc wizard

Levels and vault maps discovered:
D:1:      dpeg_arrival_boxorama, layout_loops_ring
D:2:      layout_basic
D:3:      layout_rooms
D:4:      layout_loops_corners, nemelex_xobeh_ov_fountains_minmay, slow_altar_2,
          minmay_joined_circles

Skill      XL: |  1  2  3  4 |
---------------+-------------+-----
Ranged Weapons | 6 7 8 |  8.1
Fighting       | |  1.5
Dodging        | |  2.4
Stealth        | |  1.2

Action                     |  1- 3 |  4- 6 || total
---------------------------+-------+-------++-------
   Fire: Shortbow          |    82 |    28 ||   110
    Use: Scroll            |     2 |     2 ||     4
         Potion            |       |     2 ||     2
 Armour: Leather armour    |    10 |     2 ||    12
         Ring mail         |       |    10 ||    10
  Dodge: Dodged            |    24 |     7 ||    31

Table legend:
 A = Non-vault XP
 B = Vault XP
 C = Vault XP percentage of total XP
 D = Non-vault monster count
 E = Vault monster count
 F = Vault count percentage of total count
                 A         B        C        D         E       F
            +---------+---------+-------+---------+---------+-------
      Total |     168 |       0 |   0.0 |      45 |       0 |   0.0
            +---------+---------+-------+---------+---------+-------
        D:1 |      35 |       0 |   0.0 |      20 |       0 |   0.0
        D:2 |      63 |       0 |   0.0 |      16 |       0 |   0.0
        D:3 |      19 |       0 |   0.0 |       4 |       0 |   0.0
        D:4 |      51 |       0 |   0.0 |       5 |       0 |   0.0
            +---------+---------+-------+---------+---------+-------
